Map: Acolyte LE

Players

KingSlayer

  • Race: Protoss Protoss
  • League: Grandmaster
  • Spawn Location: 7:00

ZenedoR - Winner!

  • Race: Zerg Zerg
  • League: Master
  • Spawn Location: 1:00

Event: HopeTL

VOD

https://www.youtube.com/watch?v=fIOJgj8wW98&list=PL9QsjkBYtQM7NVZEDVfaNugqO61aBOlm6&index=1

Description

Time

  • Played on: Oct. 15, 2017, 6:58 p.m.
  • Length: 5:07
Show
View Real Time Build Order
Export as new Build Order

KingSlayer Protoss 

Build Orders: 1 Gate Expand 

Get SALT Encoding   

  12  0:01  Probe (Chrono Boost)  
  13  0:11  Probe (Chrono Boost)  
  14  0:17  Pylon  
  14  0:22  Probe (Chrono Boost)  
  15  0:35  Probe (Chrono Boost)  
  16  0:37  Gateway  
  16  0:46  Probe (Chrono Boost)  
  16  0:47  Assimilator  
  17  0:56  Probe (Chrono Boost)  
  18  1:07  Probe (Chrono Boost)  
  19  1:17  Probe (Chrono Boost)  
  20  1:24  Nexus  
  20  1:28  Probe (Chrono Boost)  
  21  1:37  Cybernetics Core  
  21  1:40  Probe (Chrono Boost)  
  21  1:46  Assimilator  
  22  1:51  Probe (Chrono Boost)  
  23  1:56  Pylon  
  23  2:14  Warp Gate, Adept, Probe (Chrono Boost)  
  26  2:26  Probe (Chrono Boost)  
  27  2:40  Probe x2 (Chrono Boost)  
  27  2:42  Stalker  
  30  2:45  Robotics Facility  
  30  2:48  Twilight Council  
  30  2:53  Probe (Chrono Boost)  
  30  2:55  Probe (Chrono Boost)  
  32  3:03  Probe (Chrono Boost)  
  34  3:05  Probe (Chrono Boost)  
  34  3:14  Pylon  
  34  3:16  Probe x2 (Chrono Boost)  
  34  3:17  Charge  
  36  3:32  Immortal (Chrono Boost)  
  39  3:37  Probe  
  40  3:48  Gateway  
  40  3:49  Gateway  
  40  3:51  Gateway  
  40  3:54  Gateway  
  40  3:58  Gateway  
  40  4:05  Gateway  
  40  4:09  Gateway  
  40  4:15  Warp Prism (Chrono Boost)  
  42  4:20  Zealot  
  44  4:26  Pylon  
  44  4:29  Pylon  
  44  4:31  Pylon  
  42  4:42  Pylon  
  27  5:00  Pylon  
  27  5:02  Pylon  
Show
View Real Time Build Order
Export as new Build Order

ZenedoR Zerg - Winner!

Build Orders: Hatch First, Zergling Baneling 

Get SALT Encoding   

  12  0:01  Drone  
  13  0:12  Overlord  
  13  0:19  Drone  
  14  0:30  Drone x2  
  14  0:34  Drone  
  17  0:53  Hatchery  
  17  0:55  Drone  
  17  0:58  Drone  
  18  1:09  Extractor  
  17  1:13  Spawning Pool  
  17  1:17  Drone  
  17  1:19  Drone  
  18  1:28  Drone  
  19  1:38  Drone  
  20  1:49  Overlord  
  20  2:00  Queen  
  22  2:04  Zergling x2  
  22  2:06  Queen  
  22  2:07  Drone  
  26  2:10  Metabolic Boost  
  26  2:15  Drone  
  27  2:19  Drone  
  28  2:34  Drone  
  29  2:37  Hatchery  
  29  2:44  Baneling Nest  
  27  2:48  Drone x3  
  30  2:51  Zergling x2  
  30  2:54  Zergling x2  
  32  3:01  Zergling x2  
  32  3:02  Zergling x2  
  34  3:09  Overlord  
  34  3:15  Zergling x4  
  36  3:29  Overlord  
  36  3:31  Overlord x2  
  36  3:47  Zergling x2  
  36  3:48  Zergling x12  
  43  3:51  Zergling x2  
  43  3:52  Zergling x2  
  45  3:57  Zergling x4  
  45  3:58  Zergling x2  
  48  4:07  Baneling  
  48  4:08  Baneling x9  
  47  4:13  Zergling x2  
  47  4:14  Zergling x6  
  51  4:18  Zergling x2  
  51  4:23  Zergling x2  
  51  4:24  Zergling x4  
  55  4:26  Baneling x2  
  55  4:31  Baneling  
  55  4:33  Zergling x4  
Tags
 
Add a new tag
Caveats
  • Supply blocks, unpowered buildings, or Contaminate may cause inaccurate times.
  • Supply counts are checked every 10 seconds.